Map: New Williamsberg

Players

Omega

  • Race: Zerg Zerg
  • Spawn Location: 0:00

Lukas

  • Race: Terran Terran
  • Spawn Location: 12:00

Touf

  • Race: Zerg Zerg
  • Spawn Location: 3:00

Blubbel - Winner!

  • Race: Terran Terran
  • League: Silver
  • Spawn Location: 9:00

zod - Winner!

  • Race: Protoss Protoss
  • League: Silver
  • Spawn Location: 6:00

MasteroP - Winner!

  • Race: Zerg Zerg
  • Spawn Location: 0:00

VOD

Have the link to the VOD?

Description

Time

  • Played on: Jan. 10, 2016, 7:45 a.m.
  • Length: 13:14
Show
View Real Time Build Order
Export as new Build Order

Omega Zerg 

Build Orders: Pool First, Ravager All-In 

Get SALT Encoding   

  12  0:19  Spawning Pool  
  11  0:24  Drone  
  13  0:28  Drone  
  13  0:34  Extractor  
  12  0:40  Drone x2  
  14  0:47  Extractor  
  13  0:59  Drone  
  13  1:02  Overlord  
  14  1:34  Roach Warren  
  14  1:35  Drone x2  
  16  1:40  Drone  
  16  1:59  Queen  
  18  2:10  Drone x2  
  20  2:17  Roach  
  22  2:28  Overlord  
  22  2:44  Overlord  
  22  2:45  Overlord  
  22  2:49  Ravager  
  23  3:22  Roach x5  
  33  3:34  Burrow  
  33  3:44  Ravager x2  
  33  3:45  Ravager x3  
  38  4:19  Drone x3  
  41  4:42  Hatchery  
  40  5:09  Drone  
  40  5:10  Drone  
  42  5:18  Drone  
  43  5:37  Hatchery  
  42  5:44  Lair  
  42  5:54  Spore Crawler  
  42  5:55  Spore Crawler  
  40  5:59  Drone x2, Spore Crawler  
  40  6:00  Drone x2  
  43  7:17  Spire  
  42  7:29  Drone  
  42  7:30  Evolution Chamber  
  42  7:32  Evolution Chamber  
  42  7:34  Glial Reconstitution  
  40  7:45  Hatchery  
  33  8:22  Roach x3  
  33  8:25  Overseer  
  39  9:16  Mutalisk x4  
  43  9:17  Mutalisk  
  43  9:22  Roach x3  
  51  9:32  Drone  
  52  9:51  Roach x3  
  50  10:04  Overlord  
  50  10:05  Overlord x2  
  50  10:27  Drone x3  
  50  10:28  Drone  
  53  10:31  Mutalisk  
  55  10:44  Hatchery  
  41  11:11  Ravager x2  
  41  11:12  Ravager  
Show
View Real Time Build Order
Export as new Build Order

Lukas Terran 

Build Orders:  

Get SALT Encoding   

  12  0:02  SCV  
  13  0:21  Supply Depot  
  13  0:22  SCV  
  14  0:34  SCV  
  15  0:44  Refinery  
  15  0:46  SCV  
  16  1:01  Barracks  
  16  1:07  Supply Depot  
  16  1:24  SCV, Refinery  
  17  1:36  SCV  
  18  1:49  SCV  
  18  1:50  Bunker  
  18  1:51  Barracks Tech Lab  
  19  1:57  Factory  
  19  2:01  SCV  
  20  2:13  SCV  
  21  2:21  Supply Depot  
  21  2:23  Engineering Bay, Marine  
  21  2:25  SCV  
  23  2:37  SCV  
  23  2:42  Marauder  
  26  2:48  Factory Tech Lab  
  26  2:49  SCV  
  27  3:03  Marine  
  28  3:08  Siege Tank  
  31  3:20  Marine  
  31  3:25  Mag-Field Accelerator  
  32  3:38  Marine  
  32  3:40  Cyclone  
  36  3:56  Marine  
  37  4:05  Orbital Command  
  37  4:09  Supply Depot  
  40  4:31  Cyclone  
  40  4:36  Supply Depot  
  30  4:53  Command Center  
  30  4:56  SCV  
  29  5:03  Siege Tank  
  32  5:08  SCV, Missile Turret  
  33  5:20  SCV  
  33  5:27  Missile Turret  
  33  5:33  SCV  
  34  5:45  SCV  
  34  5:47  Bunker  
  35  5:50  Marine  
  36  6:07  SCV  
  37  6:19  SCV  
  38  6:31  SCV  
  39  6:43  SCV  
  36  7:32  SCV  
  36  7:36  SCV  
  38  7:44  SCV  
  38  7:48  SCV  
  39  8:00  SCV  
  40  8:06  Missile Turret  
  40  8:12  SCV  
  41  8:24  SCV  
  42  8:33  Factory  
  42  8:36  SCV  
  42  8:38  Supply Depot  
  44  8:48  SCV  
  38  9:13  Marine  
  38  9:18  Cyclone  
  36  9:31  Marine  
  37  9:49  Marine  
  37  9:50  Cyclone  
  37  9:51  Command Center  
  41  10:07  Marine  
  41  10:09  Bunker  
  42  10:16  Factory Tech Lab  
  42  10:22  Cyclone  
  42  10:25  Marine  
  46  10:42  Marine  
  46  10:45  Bunker  
  47  10:54  Cyclone  
  50  11:00  Marine  
  51  11:17  Cyclone  
  51  11:18  Marine  
  54  11:21  SCV  
  56  11:26  Cyclone  
  59  11:36  Marine  
  41  11:47  SCV  
  41  11:49  Cyclone  
  45  11:59  SCV  
  46  12:06  Refinery  
  46  12:08  Refinery  
  46  12:11  SCV  
  46  12:13  Missile Turret  
  47  12:20  Factory  
  47  12:21  Cyclone  
  50  12:23  SCV  
  50  12:27  Marine  
  43  12:30  Cyclone  
  43  12:35  SCV  
  15  12:45  Marine  
Show
View Real Time Build Order
Export as new Build Order

Touf Zerg 

Build Orders: Pool First 

Get SALT Encoding   

  12  0:02  Drone  
  13  0:09  Drone  
  14  0:17  Overlord  
  14  0:38  Drone, Spawning Pool  
  14  0:41  Drone  
  15  0:45  Drone  
  16  0:54  Drone  
  17  1:02  Drone, Extractor  
  17  1:12  Drone  
  18  1:22  Drone  
  19  1:28  Roach Warren, Queen  
  20  1:34  Drone  
  21  1:44  Overlord  
  21  1:54  Extractor  
  21  1:56  Drone  
  21  2:07  Drone  
  22  2:20  Drone  
  23  2:29  Roach  
  25  2:37  Roach  
  25  2:38  Roach  
  25  2:41  Overlord  
  29  2:56  Spine Crawler  
  28  3:02  Roach x3  
  34  3:18  Roach x2  
  38  3:29  Hatchery  
  35  3:43  Drone x3  
  38  4:02  Overlord  
  38  4:06  Overlord  
  38  4:10  Lair  
  38  4:29  Drone x3  
  41  4:44  Evolution Chamber, Drone  
  41  5:07  Spine Crawler  
  41  5:09  Spine Crawler  
  41  5:10  Drone x4, Queen  
  45  5:21  Spine Crawler x2  
  45  5:27  Drone x4  
  47  5:31  Glial Reconstitution  
  47  5:34  Zerg Missile Weapons Level 1  
  47  5:50  Drone x4  
  51  6:01  Hydralisk Den, Extractor  
  51  6:02  Drone x4, Extractor  
  52  6:04  Overlord  
  52  6:22  Spore Crawler  
  44  6:34  Hydralisk x5  
  44  6:35  Hydralisk  
  53  6:44  Drone x3  
  43  6:54  Hydralisk  
  45  7:10  Hydralisk  
  45  7:11  Hydralisk  
  49  7:24  Hydralisk  
  51  7:47  Drone x2  
  53  7:58  Spore Crawler  
  53  8:00  Spore Crawler  
  53  8:02  Spore Crawler  
  50  8:16  Hydralisk  
  50  8:17  Hydralisk x2  
  50  8:25  Hydralisk  
  50  8:43  Hydralisk x2  
  32  8:55  Drone  
  32  8:56  Drone x3  
  30  9:25  Drone x5  
  31  9:33  Spore Crawler  
  31  9:36  Spore Crawler  
  27  10:00  Drone x4  
  27  10:01  Drone x2  
  33  10:40  Hatchery  
  32  10:48  Hydralisk x5  
  42  11:00  Drone  
  42  11:01  Drone x2  
  45  11:32  Pneumatized Carapace  
  41  11:40  Hydralisk  
  41  11:41  Hydralisk  
Show
View Real Time Build Order
Export as new Build Order

Blubbel Terran - Winner!

Build Orders:  

Get SALT Encoding   

  12  0:01  SCV  
  13  0:13  SCV  
  14  0:21  Supply Depot  
  14  0:25  SCV  
  15  0:31  Refinery  
  15  0:43  SCV  
  15  0:46  Barracks  
  16  0:55  SCV  
  17  1:07  SCV  
  18  1:19  SCV  
  19  1:31  SCV  
  20  1:34  Supply Depot  
  20  1:36  Marine  
  21  1:45  Factory  
  21  1:49  SCV  
  22  1:54  Marine  
  23  2:04  Orbital Command  
  23  2:26  Command Center  
  23  2:28  Marine  
  24  2:33  SCV, Starport  
  25  2:44  Widow Mine  
  25  2:49  SCV  
  25  2:50  Refinery  
  28  2:54  Marine  
  29  3:01  SCV  
  30  3:19  Supply Depot  
  30  3:23  SCV  
  30  3:26  Supply Depot  
  31  3:37  Widow Mine  
  31  3:38  SCV, Medivac  
  36  3:42  Supply Depot  
  36  3:43  SCV  
  37  3:55  SCV  
  38  3:56  SCV  
  38  4:02  Barracks Reactor  
  39  4:07  SCV  
  40  4:12  Engineering Bay  
  40  4:15  Barracks  
  40  4:29  Widow Mine  
  42  4:32  Medivac  
  44  4:58  Widow Mine  
  44  5:10  Marine x2  
  44  5:12  Barracks Tech Lab  
  46  5:26  Widow Mine  
  46  5:27  Missile Turret  
  46  5:50  Orbital Command  
  46  5:57  Starport Reactor  
  46  6:00  Factory Reactor  
  46  6:07  Barracks  
  46  6:12  Supply Depot  
  45  6:57  Liberator x2  
  45  7:06  SCV  
  46  7:10  Widow Mine  
  46  7:11  Widow Mine  
  56  7:18  SCV  
  57  7:23  Starport  
  57  7:25  Barracks Reactor  
  57  7:27  Combat Shields  
  57  7:30  SCV, Factory  
  58  7:39  Widow Mine  
  58  7:40  Liberator  
  58  7:42  SCV  
  58  7:43  Marine x3  
  64  7:54  SCV  
  63  8:01  Marine x2  
  63  8:14  Marauder  
  63  8:15  Marine x2  
  63  8:18  Terran Infantry Armor Level 1  
  63  8:19  Marine x2  
  69  8:25  Armory, Engineering Bay  
  69  8:33  Marine x2  
  71  8:34  Supply Depot  
  71  8:35  Marauder  
  71  8:37  Marine x2  
  75  8:51  Marine  
  74  8:56  Supply Depot  
  74  8:57  Marauder  
  74  8:59  Marine  
  74  9:00  Marine x2  
  77  9:04  Terran Infantry Weapons Level 1  
  77  9:06  Supply Depot  
  77  9:08  Marine  
  78  9:11  Starport Tech Lab  
  78  9:17  SCV, Marine x2  
  78  9:18  Marauder  
  78  9:21  Supply Depot  
  83  9:29  SCV  
  84  9:37  Marine x4  
  88  9:39  Marauder  
  88  9:41  SCV  
  88  9:45  Command Center, Supply Depot  
  91  9:54  SCV  
  92  10:06  SCV  
  93  10:14  Fusion Core  
  93  10:16  Terran Infantry Armor Level 2  
  93  10:17  Marine x2  
  93  10:18  Marine x2  
  97  10:27  Refinery  
  97  10:28  SCV  
  98  10:30  Liberator x2  
  98  10:40  SCV  
  105  10:52  SCV  
  105  10:53  Refinery  
  106  11:04  SCV  
  107  11:16  SCV  
  108  11:38  Marine x5  
  113  11:57  Marauder  
  115  12:18  Marauder  
  117  12:30  Marine  
  117  12:31  Marine x2  
  117  12:32  Marine  
  121  12:39  Marauder  
  123  12:48  Marine  
  123  12:49  Marine x2  
  123  12:50  Marine  
Show
View Real Time Build Order
Export as new Build Order

zod Protoss - Winner!

Build Orders: 1 Gate Expand 

Get SALT Encoding   

  12  0:01  Probe (Chrono Boost)  
  13  0:13  Probe (Chrono Boost)  
  14  0:22  Pylon  
  14  0:26  Probe (Chrono Boost)  
  15  0:40  Probe (Chrono Boost)  
  16  0:43  Gateway  
  16  0:51  Probe (Chrono Boost)  
  16  0:55  Assimilator  
  17  1:01  Probe (Chrono Boost)  
  18  1:12  Probe (Chrono Boost)  
  19  1:22  Probe (Chrono Boost)  
  20  1:32  Nexus  
  20  1:33  Probe (Chrono Boost)  
  21  1:40  Pylon  
  21  1:43  Probe (Chrono Boost)  
  22  1:52  Cybernetics Core  
  22  2:00  Probe (Chrono Boost)  
  23  2:02  Assimilator  
  23  2:09  Pylon  
  23  2:12  Probe (Chrono Boost)  
  24  2:27  Probe (Chrono Boost)  
  24  2:29  Stalker  
  27  2:37  Probe (Chrono Boost)  
  27  2:42  Forge  
  28  2:48  Mothership Core (Chrono Boost), Probe (Chrono Boost)  
  31  2:57  Gateway  
  31  3:02  Stargate  
  31  3:11  Probe x2 (Chrono Boost)  
  33  3:21  Probe (Chrono Boost), Protoss Ground Weapons Level 1  
  34  3:28  Warp Gate (Chrono Boost)  
  34  3:30  Probe (Chrono Boost)  
  35  3:35  Assimilator  
  35  3:37  Probe (Chrono Boost)  
  35  3:38  Pylon  
  35  3:39  Probe (Chrono Boost)  
  37  3:47  Stalker  
  37  3:48  Probe  
  40  3:49  Probe, Adept  
  43  4:03  Robotics Facility  
  43  4:07  Probe  
  43  4:08  Photon Cannon  
  44  4:12  Probe  
  44  4:16  Assimilator  
  45  4:20  Probe  
  45  4:22  Probe  
  47  4:28  Adept  
  49  4:32  Probe, Adept  
  49  4:33  Probe  
  53  4:43  Probe  
  53  4:44  Probe, Oracle  
  58  4:52  Warp Prism  
  58  4:54  Probe  
  61  5:12  Protoss Air Weapons Level 1 (Chrono Boost)  
  61  5:13  Probe  
  62  5:15  Protoss Shields Level 1  
  62  5:25  Pylon  
  62  5:29  Pylon x3  
  62  5:42  Oracle  
  65  5:59  Gateway  
  65  6:01  Gateway  
  65  6:03  Stargate  
  65  6:09  Nexus  
  65  6:12  Pylon  
  65  6:13  Pylon  
  65  6:15  Pylon  
  65  6:16  Pylon  
  65  6:19  Assimilator x2  
  65  7:13  Void Ray  
  69  7:19  Void Ray  
  63  7:25  Fleet Beacon  
  63  7:26  Stargate  
  63  7:31  Stargate  
  63  7:34  Pylon  
  63  7:35  Probe  
  63  7:37  Pylon  
  64  7:44  Pylon, Photon Cannon x2  
  64  7:46  Probe, Photon Cannon  
  64  7:48  Photon Cannon  
  64  7:50  Photon Cannon  
  65  7:56  Probe  
  66  7:58  Photon Cannon  
  66  8:07  Probe  
  67  8:16  Stalker x2  
  67  8:17  Stalker, Probe  
  74  8:20  Tempest  
  74  8:21  Tempest  
  82  8:28  Probe  
  83  8:38  Probe  
  71  8:49  Probe  
  71  8:55  Probe  
  63  9:00  Probe  
  65  9:05  Probe  
  65  9:07  Tempest  
  65  9:08  Tempest  
  74  9:11  Probe  
  74  9:16  Probe  
  75  9:19  Protoss Air Weapons Level 2 (Chrono Boost)  
  75  9:20  Observer  
  75  9:21  Probe  
  78  9:26  Probe  
  79  9:32  Probe  
  79  9:37  Probe  
  80  9:43  Probe  
  82  9:46  Probe, Gateway  
  82  9:47  Probe  
  82  9:50  Stargate  
  84  9:53  Probe  
  84  9:58  Probe x2  
  87  10:07  Tempest  
  87  10:09  Probe  
  92  10:19  Probe  
  93  10:23  Probe  
  94  10:30  Probe, Zealot x3  
  94  10:34  Probe  
  101  10:40  Probe  
  103  10:43  Nexus  
  103  10:44  Probe  
  103  10:46  Assimilator  
  103  10:49  Assimilator  
  104  11:13  Tempest  
  104  11:14  Tempest x2  
  104  11:15  Tempest  
  120  11:26  Adept x4  
  126  11:37  Stalker  
  128  11:47  Tempest  
  132  11:56  Tempest  
  136  12:20  Stalker x2  
  136  12:21  Stalker  
  135  12:30  Nexus  
  135  12:39  Assimilator  
  135  12:40  Assimilator  
  135  12:45  Probe  
  135  12:49  Probe  
  137  12:55  Probe  
  142  12:59  Probe  
Show
View Real Time Build Order
Export as new Build Order

MasteroP Zerg - Winner!

Build Orders: Pool First 

Get SALT Encoding   

  12  0:01  Drone  
  13  0:12  Overlord  
  13  0:19  Drone  
  14  0:31  Drone x2  
  16  0:37  Drone  
  17  0:46  Spawning Pool  
  17  0:49  Extractor  
  15  0:51  Drone  
  16  0:58  Drone  
  17  1:08  Drone  
  18  1:19  Drone  
  19  1:30  Drone  
  20  1:39  Extractor  
  19  1:42  Hatchery  
  18  1:47  Drone  
  19  1:55  Drone  
  19  1:57  Lair  
  20  2:02  Drone  
  21  2:17  Drone  
  22  2:31  Overlord  
  22  2:37  Overlord  
  22  2:48  Overlord  
  22  2:55  Queen  
  22  2:57  Queen  
  26  3:01  Drone x2  
  28  3:10  Drone  
  28  3:11  Spire  
  28  3:13  Drone  
  29  3:28  Drone x4  
  33  3:34  Extractor  
  32  3:44  Extractor  
  32  3:46  Drone x2  
  33  3:59  Hatchery  
  33  4:02  Drone x3  
  35  4:15  Drone x4  
  39  4:29  Drone  
  39  4:30  Drone x3  
  43  4:33  Overlord  
  43  4:40  Overlord  
  43  4:47  Zerg Flyer Weapons Level 1  
  43  4:51  Mutalisk x2  
  47  5:04  Mutalisk x2  
  47  5:05  Mutalisk  
  53  5:13  Drone  
  54  5:14  Mutalisk  
  54  5:15  Mutalisk  
  58  5:22  Mutalisk  
  58  5:27  Drone  
  58  5:28  Queen  
  63  5:34  Mutalisk  
  63  5:35  Mutalisk  
  67  5:41  Mutalisk  
  69  5:48  Drone  
  70  5:53  Drone x2  
  70  5:54  Drone x2  
  74  6:03  Overlord x4  
  74  6:21  Mutalisk x5  
  84  6:32  Mutalisk x3  
  90  6:43  Mutalisk  
  90  6:45  Overlord x3  
  92  6:57  Mutalisk x2  
  94  7:09  Drone x2  
  96  7:18  Extractor  
  96  7:20  Extractor  
  96  7:21  Drone x3  
  96  7:22  Drone x4  
  101  7:24  Zerg Flyer Weapons Level 2  
  101  7:45  Drone  
  101  7:46  Drone x4  
  106  8:20  Mutalisk  
  106  8:21  Mutalisk x7  
  106  8:22  Overlord x3  
  106  8:23  Overlord x2  
  104  9:04  Mutalisk x6  
  116  9:12  Mutalisk  
  118  9:44  Mutalisk x4, Drone  
  127  10:24  Zerg Flyer Armor Level 1  
  127  10:42  Overlord x3  
  127  10:45  Mutalisk  
  127  10:46  Mutalisk x6  
  141  10:51  Hatchery  
  135  11:13  Mutalisk x4  
  143  11:39  Mutalisk x3  
  131  12:01  Mutalisk x3, Drone  
  134  12:42  Mutalisk x2  
  134  12:43  Mutalisk x4  
Tags
 
Add a new tag
Caveats
  • Supply blocks, unpowered buildings, or Contaminate may cause inaccurate times.
  • Supply counts are checked every 10 seconds.